[Event "Late-Titled-Tuesday-Blitz-June-25-2024"]
[Site "Chess.com"]
[Date "2024.06.25"]
[Round "9"]
[White "Bala-Afiada"]
[Black "SocoLoco"]
[Result "0-1"]
[WhiteElo "2069"]
[BlackElo "2171"]
[TimeControl "180+1"]
[EndTime "15:43:09 PDT"]
[Termination "SocoLoco won by checkmate"]

1. d4 d5 2. c4 Nc6 3. Nf3 Bg4 4. e3 e5 5. dxe5 d4 6. Be2 Bb4+ 7. Bd2 dxe3 8. fxe3 Nge7 9. O-O O-O 10. Bxb4 Nxb4 11.
Qb3 a5 12. a3 Nbc6 13. Nc3 Qc8 14. Nd4 Nxe5 15. Rad1 a4 16. Nxa4 c5 17. Bxg4 Nxg4 18. Nf3 Nf5 19. Nb6 Qe8 20. Nxa8 Qxa8 21. Rfe1 Qb8 22.
Qd3 g6 23. e4 Nd4 24. Nxd4 Qxh2+ 25. Kf1 Qh1+ 26. Ke2 Qxg2# 0-1

[Event "Late-Titled-Tuesday-Blitz-June-25-2024"]
[Site "Chess.com"]
[Date "2024.06.25"]
[Round "9"]
[White "lamomiajunior"]
[Black "FairChess_on_YouTube"]
[Result "0-1"]
[WhiteElo "2770"]
[BlackElo "3075"]
[TimeControl "180+1"]
[EndTime "15:43:10 PDT"]
[Termination "FairChess_on_YouTube won by checkmate"]

1. d4 f5 2. Nc3 Nf6 3. Bf4 d6 4. e3 g6 5. h4 h6 6. Nf3 Bg7 7. Bc4 e6 8. Qe2 Nc6 9. O-O-O Qe7 10. Bb3 Bd7 11. e4 fxe4 12. Nxe4 O-O-O 13. Ng3 Nd5 14. Bd2 Qf7 15. c3 Na5 16. Bc2 e5 17. dxe5 Nf4 18. Bxf4 Qxa2 19. Rhe1 dxe5 20. Nxe5 Qa1+ 21.
Bb1 Nb3+ 22. Kc2 Ba4 23. Qc4 Nd2+ 24. b3 Nxc4 25. Nxc4 Qxc3# 0-1

[Event "Late-Titled-Tuesday-Blitz-June-25-2024"]
[Site "Chess.com"]
[Date "2024.06.25"]
[Round "9"]
[White "wonderfultime"]
[Black "Fandorine"]
[Result "1-0"]
[WhiteElo "3059"]
[BlackElo "2930"]
[TimeControl "180+1"]
[EndTime "15:43:12 PDT"]
[Termination "wonderfultime won by resignation"]

1. d4 Nf6 2. Nf3 g6 3. Bg5 Bg7 4. Nbd2 O-O 5. c3 d6 6. e4 Nc6 7. Bc4 Qe8 8. O-O e5 9. Re1 Nd7 10. Nf1 Kh8 11. dxe5 Ncxe5 12. Nxe5 dxe5 13. Ne3 Nb6 14. Bb3 Be6 15. Nd5 Bxd5 16. exd5 f5 17. d6 cxd6 18. Qxd6 e4 19. Rad1 Qc6 20. a4 Rae8 21. a5 Qxd6 22. Rxd6 Nc8 23. Rd7 b6 24. a6 f4 25. g3 e3 26. Bxf4 exf2+ 27. Kxf2 Rxe1 28. Kxe1 1-0

[Event "Late-Titled-Tuesday-Blitz-June-25-2024"]
[Site "Chess.com"]
[Date "2024.06.25"]
[Round "9"]
[White "TERMINATOR_PC"]
[Black "fin"]
[Result "1-0"]
[WhiteElo "2612"]
[BlackElo "2714"]
[TimeControl "180+1"]
[EndTime "15:43:13 PDT"]
[Termination "TERMINATOR_PC won by resignation"]

1. c4 f5 2. g3 Nf6 3. Bg2 e5 4. Nc3 d6 5. d3 Nc6 6. e3 Be7 7. Nge2 O-O 8. O-O Qe8 9. Rb1 a5 10. a3 Bd8 11. Nd5 Nxd5 12. Bxd5+ Kh8 13. Nc3 Ne7 14.
Bg2 c6 15. b4 axb4 16. axb4 Qg6 17. b5 Bd7 18. bxc6 Bxc6 19. Nd5 Nxd5 20. cxd5 Ba4 21.
Qe2 b5 22. Ba3 f4 23. Be4 Qh6 24. exf4 exf4 25. Bc1 Bg5 26. Qg4 fxg3 27. hxg3 Bxc1 28. Rbxc1 b4 29. Rc7 b3 30. Rb1 Rab8 31. Qe6 Qd2 32. f4 Qe3+ 33. Kg2 b2 34. Qe7 Qd4 35. Rh1 Rbe8 36.
Rxh7+ 1-0

[Event "Late-Titled-Tuesday-Blitz-June-25-2024"]
[Site "Chess.com"]
[Date "2024.06.25"]
[Round "9"]
[White "PNEPaul"]
[Black "ritanovikova"]
[Result "0-1"]
[WhiteElo "1950"]
[BlackElo "2251"]
[TimeControl "180+1"]
[EndTime "15:43:16 PDT"]
[Termination "ritanovikova won on time"]

1. e4 e5 2. Nf3 Nc6 3. Bc4 Nf6 4. d4 exd4 5. O-O d5 6. exd5 Nxd5 7. c3 Be6 8. Nxd4 Nxd4 9. Qxd4 c6 10. Na3 Bxa3 11. Qxg7 Qf6 12. Qxf6 Nxf6 13. Bxe6 fxe6 14. bxa3 Kf7 15. Bb2 Rhg8 16. Rad1 Rad8 17. c4 Ne4 18. Rfe1 Nd2 19. Kh1 Nxc4 20. Bd4 a6 21.
a4 b6 22. h3 c5 23. Bc3 b5 24. axb5 axb5 25. Rxd8 Rxd8 26. Be5 Rd5 27. Bg3 b4 28. Rc1 Nd2 29. Rd1 Ne4 30. Re1 Nxg3+ 31. fxg3 c4 0-1

[Event "Late-Titled-Tuesday-Blitz-June-25-2024"]
[Site "Chess.com"]
[Date "2024.06.25"]
[Round "9"]
[White "rasmussvane"]
[Black "Mikhail_Golubev"]
[Result "0-1"]
[WhiteElo "2963"]
[BlackElo "2685"]
[TimeControl "180+1"]
[EndTime "15:43:17 PDT"]
[Termination "Mikhail_Golubev won by checkmate"]

1. Nf3 d6 2. d4 Nf6 3. g3 g6 4. Bg2 Bg7 5. O-O O-O 6. Re1 Nbd7 7. e4 e5 8. Nc3 Re8 9. a4 a5 10. h3 b6 11. b3 exd4 12. Nxd4 Bb7 13. Bb2 Nc5 14.
f3 d5 15. exd5 Nxd5 16. Nxd5 Qxd5 17. Qd2 Ne6 18. c3 Nxd4 19. cxd4 Qxb3 20. Rxe8+ Rxe8 21. Qc3 Qxc3 22. Bxc3 Re3 23. Bd2 Rd3 24. Ra2 Bxd4+ 25. Kf1 Bxf3 26. Bf4 Rd1# 0-1

[Event "Late-Titled-Tuesday-Blitz-June-25-2024"]
[Site "Chess.com"]
[Date "2024.06.25"]
[Round "9"]
[White "AlexanderMatlak"]
[Black "AlejandroArias"]
[Result "1-0"]
[WhiteElo "2458"]
[BlackElo "2345"]
[TimeControl "180+1"]
[EndTime "15:43:17 PDT"]
[Termination "AlexanderMatlak won on time"]

1. c4 e6 2. Nf3 d5 3. g3 c5 4. Bg2 d4 5. O-O Nc6 6. d3 Nf6 7.
e3 e5 8. exd4 exd4 9. Bg5 Be7 10. Nbd2 O-O 11. a3 a5 12. Re1 Bf5 13. Qc2 h6 14. Bxf6 Bxf6 15. Ne4 Be7 16. Qa4 Re8 17. Qb5 Bxe4 18. Rxe4 Bd6 19. Rae1 Rxe4 20. Rxe4 Qd7 21. Nd2 Ne5 22. Qb3 a4 23. Qc2 Qf5 24. h3 g6 25.
f4 Nc6 26. Qd1 h5 27. Nf3 Kg7 28. Qe2 Ra6 29. Nh4 Qd7 30. g4 1-0

[Event "Late-Titled-Tuesday-Blitz-June-25-2024"]
[Site "Chess.com"]
[Date "2024.06.25"]
[Round "9"]
[White "1g60-1"]
[Black "Crazy_girl99"]
[Result "0-1"]
[WhiteElo "2461"]
[BlackElo "2682"]
[TimeControl "180+1"]
[EndTime "15:43:19 PDT"]
[Termination "Crazy_girl99 won by checkmate"]

1. e4 e5 2. Nf3 Nc6 3. Bb5 a6 4. Ba4 Nf6 5. d3 b5 6. Bb3 Bc5 7. c3 d6 8. O-O O-O 9. h3 h6 10. Re1 Re8 11. Nbd2 Be6 12. Nf1 Bxb3 13. axb3 Bb6 14.
Ng3 Ne7 15. d4 Ng6 16. d5 Qd7 17. Nf5 Nxe4 18. Nxh6+ gxh6 19. Rxe4 f5 20. Re1 f4 21.
Qd3 Qf7 22. Bd2 Ne7 23. c4 Qf5 24. Qc3 Ng6 25. cxb5 axb5 26. Qc6 Rab8 27. Nh2 h5 28. Nf3 e4 29. Bc3 b4 30. Nd4 Qg5 31. Ne6 Rxe6 32.
dxe6 f3 33. g4 hxg4 34. h4 Qxh4 35. Qxe4 Qxf2+ 36. Kh1 Qg2# 0-1

[Event "Late-Titled-Tuesday-Blitz-June-25-2024"]
[Site "Chess.com"]
[Date "2024.06.25"]
[Round "9"]
[White "TokChess"]
[Black "Puzzlebot_1294"]
[Result "1-0"]
[WhiteElo "2542"]
[BlackElo "2634"]
[TimeControl "180+1"]
[EndTime "15:43:21 PDT"]
[Termination "TokChess won on time"]

1. d4 Nf6 2. Nf3 e6 3. c3 b6 4. g3 Bb7 5. Bg2 Be7 6. O-O O-O 7. a4 c5 8. a5 Qc7 9. Bf4 d6 10. Na3 Nd5 11. Bg5 h6 12. Bxe7 Nxe7 13. dxc5 dxc5 14.
Nb5 Qd8 15. Qxd8 Rxd8 16. Nc7 Nd7 17. Nxa8 Bxa8 18. axb6 axb6 19. Rfd1 Bd5 20. c4 Bxc4 21. Ne5 Bd5 22. Nxd7 Rxd7 23. e4 f5 24. exd5 exd5 25.
Ra6 Rd6 26. Ra7 Kf8 27. Re1 Nc6 28. Rc7 Nb4 29. Ree7 d4 30. Rf7+ Ke8 31. Rxg7 1-0

[Event "Late-Titled-Tuesday-Blitz-June-25-2024"]
[Site "Chess.com"]
[Date "2024.06.25"]
[Round "9"]
[White "Veleamater"]
[Black "harshu27"]
[Result "1-0"]
[WhiteElo "2408"]
[BlackElo "2502"]
[TimeControl "180+1"]
[EndTime "15:43:21 PDT"]
[Termination "Veleamater won on time"]

1. g3 e5 2. Bg2 d5 3. d3 Nf6 4.
Nf3 Nbd7 5. O-O Bd6 6. h3 O-O 7. Nc3 c6 8. e4 dxe4 9. dxe4 Qe7 10. Nh4 Nb6 11. Nf5 Bxf5 12. exf5 Rad8 13. g4 Nfd5 14. Ne4 Nf4 15. Qf3 Nxg2 16. Kxg2 f6 17. b3 Bc5 18. c4 Bd4 19. Rb1 a5 20. h4 Nd7 21.
Kh3 Nc5 22. Ba3 b5 23. Bxc5 Bxc5 24. Rbc1 b4 25. Rcd1 Rd4 26. Rxd4 Bxd4 27. Rg1 g6 28. g5 fxg5 29. Rxg5 Qd7 30. Kg2 Kh8 31. f6 Qe6 32. h5 gxh5 33. Qxh5 Qf7 34. Qh6 1-0

[Event "Late-Titled-Tuesday-Blitz-June-25-2024"]
[Site "Chess.com"]
[Date "2024.06.25"]
[Round "9"]
[White "chessdoll90"]
[Black "schondeln"]
[Result "1-0"]
[WhiteElo "2494"]
[BlackElo "2378"]
[TimeControl "180+1"]
[EndTime "15:43:21 PDT"]
[Termination "chessdoll90 won by checkmate"]

1. c4 c6 2. g3 d5 3. Bg2 Nf6 4. cxd5 cxd5 5. Nf3 Nc6 6. d4 Bf5 7. O-O e6 8. a3 Bd6 9. b4 O-O 10. Bb2 h6 11. Nc3 Qe7 12. Nh4 Bh7 13. f4 a5 14.
b5 Nxd4 15. Nxd5 Nxe2+ 16. Qxe2 exd5 17. Qxe7 Bxe7 18. Rad1 Rad8 19. f5 Ne4 20. Rf3 Bc5+ 21. Kf1 Rfe8 22. Bd4 b6 23. Rfd3 Bxd4 24. Rxd4 Nc3 25.
R1d3 Nxb5 26. Rxd5 Rxd5 27. Bxd5 Nc7 28. Bc6 Rb8 29.
Rd7 Ne8 30. Bd5 Nf6 31. Bxf7+ Kf8 32. Ra7 Bg8 33. Ng6# 1-0

[Event "Late-Titled-Tuesday-Blitz-June-25-2024"]
[Site "Chess.com"]
[Date "2024.06.25"]
[Round "9"]
[White "OppieZippy"]
[Black "djano"]
[Result "0-1"]
[WhiteElo "2374"]
[BlackElo "2586"]
[TimeControl "180+1"]
[EndTime "15:43:28 PDT"]
[Termination "djano won by checkmate"]

1. e4 c5 2. Nc3 Nc6 3. Nf3 g6 4. Bc4 Bg7 5. O-O d6 6. h3 Nf6 7.
d3 O-O 8. a4 Nd7 9. Bg5 h6 10.
Be3 e5 11. Qd2 Kh7 12. Nd5 f5 13. Qe2 Nb6 14. Bb3 f4 15. Bd2 g5 16. Nh2 Nd4 17.
Qd1 f3 18. Nxb6 axb6 19. Bd5 g4 20. g3 h5 21. c3 Ne2+ 22. Kh1 gxh3 23. Re1 Qf6 24.
Be3 h4 25. g4 Bh6 26. Qd2 Bf4 27. Nxf3 Bxg4 28. Nh2 Bxh2 29. Rxe2 Qf3+ 30. Kxh2 Qg2# 0-1

[Event "Late-Titled-Tuesday-Blitz-June-25-2024"]
[Site "Chess.com"]
[Date "2024.06.25"]
[Round "9"]
[White "tolimachess"]
[Black "shirovin"]
[Result "0-1"]
[WhiteElo "2258"]
[BlackElo "2101"]
[TimeControl "180+1"]
[EndTime "15:43:30 PDT"]
[Termination "shirovin won by checkmate"]

1. d4 f5 2. g4 d5 3. Nc3 Nf6 4.
g5 Ne4 5. Nxe4 fxe4 6. Bf4 e6 7. e3 Be7 8. h4 O-O 9. Bh3 c5 10.
c3 Nc6 11. Ne2 cxd4 12. exd4 Bd7 13. Qd2 a5 14. h5 g6 15. hxg6 hxg6 16. Bg4 e5 17.
Bxd7 exf4 18. Be6+ Kg7 19. c4 Bxg5 20. Qc3 Ne7 21.
Qh3 Rh8 22. Qxh8+ Qxh8 23. Rxh8 Rxh8 24. Kf1 Rh1+ 25. Ng1 f3 26. Bxd5 Nxd5 27. cxd5 e3 28. fxe3 Bxe3 29. d6 Rxg1# 0-1

[Event "Late-Titled-Tuesday-Blitz-June-25-2024"]
[Site "Chess.com"]
[Date "2024.06.25"]
[Round "9"]
[White "Sondremelaa"]
[Black "jk13"]
[Result "0-1"]
[WhiteElo "2584"]
[BlackElo "2708"]
[TimeControl "180+1"]
[EndTime "15:43:32 PDT"]
[Termination "jk13 won on time"]

1. e4 e5 2. Nf3 Nc6 3. Bc4 Bc5 4. c3 Nf6 5. d3 O-O 6. O-O d5 7. exd5 Nxd5 8. Re1 Bg4 9. Nbd2 Nb6 10. h3 Bh5 11. Bb3 Qxd3 12. Nxe5 Qf5 13. Nef3 Rad8 14. Qe2 Nd5 15.
Ne4 Rfe8 16. Bc2 Nf4 17. Bxf4 Qxf4 18. g4 Bg6 19. Kg2 h5 20. Nh4 Bxe4+ 21. Bxe4 Rd2 22. Bh7+ Kxh7 0-1

[Event "Late-Titled-Tuesday-Blitz-June-25-2024"]
[Site "Chess.com"]
[Date "2024.06.25"]
[Round "9"]
[White "AlphaPerseii"]
[Black "koncheto"]
[Result "0-1"]
[WhiteElo "2396"]
[BlackElo "2575"]
[TimeControl "180+1"]
[EndTime "15:43:36 PDT"]
[Termination "koncheto won by resignation"]

1. d4 Nf6 2. c4 e6 3. Nf3 c5 4. Nc3 cxd4 5. Nxd4 Nc6 6. g3 a6 7. Bg2 Qc7 8. O-O Be7 9. b3 O-O 10. Bb2 d6 11. Rc1 Nxd4 12. Qxd4 Bd7 13. Rfd1 Rfd8 14.
h4 Rac8 15. Ne4 Bc6 16. Nxf6+ Bxf6 17. Qd2 Bxb2 18. Qxb2 Qb8 19. Rd2 Bxg2 20. Kxg2 b5 21. cxb5 axb5 22. Rcd1 d5 23. Qd4 Re8 24. Qb4 h5 25. a4 bxa4 26. Qxb8 Rxb8 27. bxa4 Ra8 28. Rd4 Rec8 29. Rb1 Rc2 30. Kf3 Ra2 31. Rbb4 g6 32. Ke3 Rc8 33. Kf3 Rcc2 34. Rb8+ Kg7 35. Kg2 Rxe2 36.
Rf4 Re4 37. Rxe4 dxe4 38. Kf1 Rxa4 39. Ke2 f5 40. Rb5 Kf6 41. Ke3 Ra3+ 42. Ke2 f4 43. gxf4 Rf3 44. Rb4 Rxf4 45. f3 exf3+ 0-1

[Event "Late-Titled-Tuesday-Blitz-June-25-2024"]
[Site "Chess.com"]
[Date "2024.06.25"]
[Round "9"]
[White "malakismayil"]
[Black "karinachess1"]
[Result "0-1"]
[WhiteElo "2555"]
[BlackElo "2688"]
[TimeControl "180+1"]
[EndTime "15:43:37 PDT"]
[Termination "karinachess1 won on time"]

1. e4 e5 2. Nf3 Nc6 3. Bc4 Nf6 4.
d3 h6 5. Nc3 d6 6. h3 g5 7. Be3 Bg7 8. Qd2 Be6 9. O-O-O Qd7 10.
Bb3 a6 11. d4 Bxb3 12. axb3 O-O-O 13. dxe5 dxe5 14. Qe2 Qe6 15. Qc4 b5 16. Qe2 Kb7 17. Nd2 Nd4 18. Bxd4 exd4 19. Ncb1 Qc6 20. Qd3 Nd7 21. Qg3 Nc5 22. Rhe1 Rhe8 23. Qf3 d3 24.
c3 Qe6 25. b4 Qb3 0-1

[Event "Late-Titled-Tuesday-Blitz-June-25-2024"]
[Site "Chess.com"]
[Date "2024.06.25"]
[Round "9"]
[White "Zhigalko_Sergei"]
[Black "SaraBlackPanther"]
[Result "0-1"]
[WhiteElo "2936"]
[BlackElo "2752"]
[TimeControl "180+1"]
[EndTime "15:43:38 PDT"]
[Termination "SaraBlackPanther won on time"]

1. e4 c5 2. Nf3 g6 3. c3 d5 4.
exd5 Qxd5 5. d4 Bg7 6. Na3 cxd4 7. Bc4 Qe4+ 8. Be3 Nh6 9. Nb5 O-O 10. cxd4 Nf5 11. Qe2 Nc6 12. O-O Nxe3 13. fxe3 Bg4 14. Nc3 Bxf3 15. Rxf3 Qh4 16. Rf4 Qg5 17. Raf1 e6 18.
Ne4 Qe7 19. Qf3 Na5 20. Qe2 Nxc4 21. Qxc4 Rac8 22. Qb3 b6 23. Nf6+ Kh8 24. e4 e5 25.
dxe5 Qxe5 26. Qh3 Qd4+ 27. Kh1 Bxf6 28. g3 Bg7 29. Rxf7 Qxe4+ 30. Kg1 Bd4+ 0-1

[Event "Late-Titled-Tuesday-Blitz-June-25-2024"]
[Site "Chess.com"]
[Date "2024.06.25"]
[Round "9"]
[White "HamedWafa4"]
[Black "sergeikim"]
[Result "1-0"]
[WhiteElo "2769"]
[BlackElo "2601"]
[TimeControl "180+1"]
[EndTime "15:43:38 PDT"]
[Termination "HamedWafa4 won by resignation"]

1. e4 e5 2. Nf3 Nc6 3. Bb5 a6 4.
Ba4 Nf6 5. O-O b5 6. Bb3 Bc5 7. c3 d6 8. a4 Bb7 9. d3 h6 10. Be3 O-O 11. Nbd2 Re8 12. h3 Rb8 13. axb5 axb5 14.
Re1 Bxe3 15. fxe3 d5 16. exd5 Nxd5 17. Qe2 Ra8 18. Rxa8 Bxa8 19. Rf1 Bb7 20. Ne4 Na5 21. Ba2 Qe7 22. b4 Nxc3 23. Nxc3 Qxb4 24. Nd5 Qd6 25. e4 b4 26. Qc2 c6 27. Ne3 Ba6 28. Ng5 hxg5 29. Bxf7+ Kf8 30. Bc4+ Ke7 31. Rf7+ Kd8 32. Bxa6 Qd4 33. Qf2 b3 34. Rxg7 b2 35. Qf6+ 1-0

[Event "Late-Titled-Tuesday-Blitz-June-25-2024"]
[Site "Chess.com"]
[Date "2024.06.25"]
[Round "9"]
[White "romulocardoso"]
[Black "ShimogaTactician"]
[Result "0-1"]
[WhiteElo "2333"]
[BlackElo "2522"]
[TimeControl "180+1"]
[EndTime "15:43:40 PDT"]
[Termination "ShimogaTactician won on time"]

1. e4 g6 2. Nf3 Bg7 3. c3 Nf6 4. Qc2 c5 5. Be2 Qc7 6. O-O d6 7. d3 Nbd7 8. Bf4 b6 9. Nbd2 Bb7 10. Rac1 Rc8 11. Nc4 Nh5 12. Bg5 h6 13. Bd2 d5 14.
exd5 Bxd5 15. Ne3 Bb7 16. d4 Nf4 17. Qd1 O-O 18. Ng4 Rfe8 19. Re1 h5 20. Bxf4 Qxf4 21.
Nge5 Nxe5 22. Nxe5 cxd4 23. cxd4 Rxc1 24. Qxc1 Qxd4 25. Qc7 Bxe5 26. Qxb7 Bxh2+ 27. Kxh2 Qxf2 28. Qd7 Qh4+ 0-1

[Event "Late-Titled-Tuesday-Blitz-June-25-2024"]
[Site "Chess.com"]
[Date "2024.06.25"]
[Round "9"]
[White "rdarruda"]
[Black "Mackster23"]
[Result "1-0"]
[WhiteElo "2582"]
[BlackElo "2660"]
[TimeControl "180+1"]
[EndTime "15:43:41 PDT"]
[Termination "rdarruda won on time"]

1. Nf3 d5 2. d4 Nf6 3. c4 e6 4. e3 c5 5. Nc3 Nc6 6. cxd5 Nxd5 7. Bd3 Be7 8. O-O O-O 9. dxc5 Nxc3 10. bxc3 Qa5 11.
c4 Bf6 12. Rb1 Qxc5 13. Bb2 Bxb2 14. Rxb2 h6 15. Be2 e5 16. Nd2 Rd8 17. Qc1 b6 18. Rd1 Be6 19. Ne4 Qa3 20. Rbd2 Qxc1 21. Rxc1 Rxd2 22. Nxd2 Rc8 23. a3 Na5 24. Kf1 Kf8 25. Ke1 Ke7 26. f3 f5 27. g4 g6 28. h3 Kf6 29. Bd3 h5 30. gxh5 Rh8 31. hxg6 Rxh3 32. c5 e4 33. Bf1 Rh2 34. fxe4 fxe4 35. Nxe4+ Kxg6 36. Nd2 1-0

[Event "Late-Titled-Tuesday-Blitz-June-25-2024"]
[Site "Chess.com"]
[Date "2024.06.25"]
[Round "9"]
[White "Dyadya81"]
[Black "dropstoneDP"]
[Result "0-1"]
[WhiteElo "2801"]
[BlackElo "3015"]
[TimeControl "180+1"]
[EndTime "15:43:46 PDT"]
[Termination "dropstoneDP won by resignation"]

1. e4 e5 2. Nf3 Nf6 3. Nc3 Nc6 4. d4 exd4 5. Nxd4 Bb4 6. Nxc6 bxc6 7. Bd3 O-O 8. O-O d5 9. exd5 cxd5 10. h3 Re8 11. Qf3 c6 12. Bf4 Nd7 13. Rfe1 Nc5 14. Rxe8+ Qxe8 15.
Bf1 Ne6 16. Be5 a5 17. a3 Bf8 18. Re1 Ba6 19. Bxa6 Rxa6 20. Qd3 Ra8 21. Na4 Rd8 22. Bc3 c5 23. b3 c4 24. Qd1 Qb5 25. Bb2 d4 26.
Bc1 Qc6 27. Qg4 d3 28. cxd3 cxb3 29. Nb2 Bxa3 30. Nc4 Bxc1 31. Rxc1 a4 32. Ra1 h6 33.
Qf5 Nd4 34. Qe4 Qxe4 35. dxe4 Ra8 36. Nb6 b2 37. Rd1 a3 38. Nc4 a2 0-1

[Event "Late-Titled-Tuesday-Blitz-June-25-2024"]
[Site "Chess.com"]
[Date "2024.06.25"]
[Round "9"]
[White "xasid81"]
[Black "Hikaru"]
[Result "0-1"]
[WhiteElo "2577"]
[BlackElo "3205"]
[TimeControl "180+1"]
[EndTime "15:43:46 PDT"]
[Termination "Hikaru won by resignation"]

1. d4 b6 2. e4 Bb7 3. Nc3 e6 4. a3 Nf6 5. e5 Ne4 6. Nxe4 Bxe4 7. Nf3 d6 8. Bd3 Bxd3 9. Qxd3 Be7 10. exd6 cxd6 11.
O-O Nd7 12. c4 O-O 13. b4 Qc7 14. Bb2 Rac8 15. Rac1 Rfd8 16. h3 Nf8 17. Qe2 Ng6 18.
Rfd1 Bf6 19. Nd2 Bg5 20. Rc2 Bxd2 21. Rdxd2 Qb7 22. g3 Rc7 23. h4 h6 24. c5 Ne7 25.
cxd6 Rxd6 26. Rxc7 Qxc7 27. Rc2 Rc6 28. Rxc6 Qxc6 29. Qe5 f6 30. Qb8+ Nc8 31. b5 Qc2 32.
Kg2 Kh7 33. Qb7 Nd6 34. Qc6 Nc4 35. Ba1 Qd3 36. Qxe6 Nd2 37. Qe1 Qf3+ 38. Kh2 Ne4 39.
Kg1 Qd3 40. Bb2 Nd2 41. Kh1 Nc4 42. Ba1 Nxa3 43. Qc3 Qxc3 44. Bxc3 Nxb5 45. Bb2 Kg6 46. g4 Kf7 47. Kg2 Ke6 48. Kf3 Kd5 49. Ke3 a5 50. h5 a4 51. Kd3 a3 52. Ba1 Nd6 53. f3 Nf7 54. Ke3 Ng5 55. f4 Ne4 56. f5 b5 57.
Kd3 b4 0-1

[Event "Late-Titled-Tuesday-Blitz-June-25-2024"]
[Site "Chess.com"]
[Date "2024.06.25"]
[Round "9"]
[White "XDPS"]
[Black "Duhless"]
[Result "0-1"]
[WhiteElo "2829"]
[BlackElo "3092"]
[TimeControl "180+1"]
[EndTime "15:43:47 PDT"]
[Termination "Duhless won by resignation"]

1. e4 e5 2. Nf3 Nc6 3. Bc4 Nf6 4. d3 Be7 5. O-O O-O 6. a4 d6 7. Re1 Be6 8. Nc3 Bxc4 9. dxc4 a5 10. Nd2 Nd7 11. Nf1 Bg5 12. Nd5 Bxc1 13. Rxc1 Nc5 14.
b3 Ne7 15. Nc3 f5 16. exf5 Nxf5 17. Qd2 Kh8 18. Ne4 b6 19. Rcd1 Qe8 20. Neg3 Nd4 21. Ne3 Qg6 22. Qc3 Rf7 23. Rd2 Raf8 24. Nd5 h5 25. f4 h4 26. Nf1 Rxf4 27. Nxf4 Rxf4 28. Rxd4 exd4 29. Qd2 Qf5 30. Re8+ Kh7 31. Qe1 d3 32. g3 Rxf1+ 0-1

[Event "Late-Titled-Tuesday-Blitz-June-25-2024"]
[Site "Chess.com"]
[Date "2024.06.25"]
[Round "9"]
[White "egnfanclub"]
[Black "jcibarra"]
[Result "0-1"]
[WhiteElo "2387"]
[BlackElo "2895"]
[TimeControl "180+1"]
[EndTime "15:43:47 PDT"]
[Termination "jcibarra won by resignation"]

1. e4 c5 2. Nc3 a6 3. f4 b5 4. g3 Bb7 5. Bg2 e6 6. d3 d5 7. f5 d4 8. fxe6 fxe6 9. Qh5+ g6 10.
Qe5 Qf6 11. Qc7 Qg7 12. Qxg7 Bxg7 13. Nce2 e5 14. Nf3 Nc6 15. O-O Nf6 16. Ng5 Ke7 17. Bd2 Bc8 18. c3 Bg4 19. Bf3 Bd7 20. Bg2 dxc3 21.
bxc3 Rhd8 22. d4 Bg4 23. Rf2 Bxe2 24. Rxe2 cxd4 25. cxd4 Nxd4 26. Bb4+ Ke8 27. Rd2 Bh6 28. h4 a5 29. Bc3 Ng4 30. Bxd4 Rxd4 31. Rxd4 exd4 32.
Ne6 Be3+ 33. Kf1 Ke7 34. Nc5 Rf8+ 35. Ke1 Rf2 36. Bh3 Ne5 37. Ne6 Nd3+ 0-1

[Event "Late-Titled-Tuesday-Blitz-June-25-2024"]
[Site "Chess.com"]
[Date "2024.06.25"]
[Round "9"]
[White "esskeettit"]
[Black "klercaku"]
[Result "1-0"]
[WhiteElo "2498"]
[BlackElo "2317"]
[TimeControl "180+1"]
[EndTime "15:43:49 PDT"]
[Termination "esskeettit won by checkmate"]

1. d4 d5 2. c4 e6 3. Nc3 Nf6 4. cxd5 exd5 5. Bg5 Nbd7 6. e3 c6 7. Bd3 Be7 8. Qc2 O-O 9. Nf3 Re8 10. O-O Nf8 11.
h3 Ne4 12. Bf4 Nf6 13. Rab1 Ne6 14. Bh2 a5 15. a3 Bd6 16. Ne5 Nf8 17. b4 axb4 18.
axb4 Ng6 19. f4 Qe7 20. Bg3 Bxb4 21. Be1 Bd6 22. Kh1 Nd7 23. e4 dxe4 24. Nxe4 Bxe5 25. fxe5 Rf8 26. Nd6 Nb8 27. Bc4 Be6 28. Rxb7 Qd8 29. Nxf7 Bxf7 30. Rbxf7 Rxf7 31. Bxf7+ Kh8 32. Bxg6 hxg6 33.
Qxg6 Nd7 34. Rf7 Nf8 35. Qxg7# 1-0

[Event "Late-Titled-Tuesday-Blitz-June-25-2024"]
[Site "Chess.com"]
[Date "2024.06.25"]
[Round "9"]
[White "IsaacWiebe"]
[Black "corvachesky"]
[Result "1-0"]
[WhiteElo "2378"]
[BlackElo "2462"]
[TimeControl "180+1"]
[EndTime "15:43:49 PDT"]
[Termination "IsaacWiebe won on time"]

1. e4 e5 2. Nf3 Nc6 3. Bb5 a6 4. Ba4 Nf6 5. O-O Be7 6. Re1 b5 7. Bb3 O-O 8. c3 d6 9. h3 Na5 10. Bc2 c5 11. d4 Nd7 12. Nbd2 Bf6 13. d5 Re8 14. Nf1 Nf8 15. Ng3 g6 16. b3 Nb7 17.
c4 b4 18. Nh2 a5 19. Ng4 Bg7 20.
Nh6+ Bxh6 21. Bxh6 Qf6 22. Qd2 Nd7 23. Rf1 Nb6 24.
Bg5 Qg7 25. Bh6 Qf6 26. Rae1 a4 27. Bg5 Qg7 28. Bh6 Qf6 29. Kh2 axb3 30. axb3 Ra2 31.
Qd3 Bd7 32. Bd1 Rea8 33. f4 exf4 34. Bxf4 Qg7 35. e5 Rb2 36. exd6 Raa2 37. Re2 Rxe2 38.
Bxe2 Nc8 39. Qe3 Ncxd6 40. Qe7 Be8 41. Bxd6 Nxd6 42. Qxd6 Ra3 43. Qe7 1-0

[Event "Late-Titled-Tuesday-Blitz-June-25-2024"]
[Site "Chess.com"]
[Date "2024.06.25"]
[Round "9"]
[White "Seppppppy"]
[Black "Brown_Mamba24"]
[Result "0-1"]
[WhiteElo "2402"]
[BlackElo "2567"]
[TimeControl "180+1"]
[EndTime "15:43:50 PDT"]
[Termination "Brown_Mamba24 won by checkmate"]

1. d4 Nf6 2. c4 g6 3. Nc3 Bg7 4. e4 d6 5. h3 O-O 6. Be3 Na6 7. g4 c5 8. d5 e6 9. Bg2 exd5 10. cxd5 b5 11. Nge2 Re8 12. g5 Nd7 13. Nxb5 Ne5 14.
O-O Nc4 15. Bc1 Nxb2 16. Bxb2 Bxb2 17. Rb1 Bg7 18. f4 Nb4 19. a3 Ba6 20. axb4 Bxb5 21.
bxc5 Qa5 22. c6 a6 23. Re1 Qb6+ 24. Kh2 Qf2 25. Qd2 h6 26. Rxb5 axb5 27. Rf1 Qb6 28.
gxh6 Bxh6 29. Ng3 b4 30. Qb2 Bg7 31. Qb3 Ra3 32. Qc2 b3 33. Qc4 b2 34. f5 b1=Q 35.
Rxb1 Qxb1 36. fxg6 Be5 37. gxf7+ Kxf7 38. c7 Bxg3# 0-1

[Event "Late-Titled-Tuesday-Blitz-June-25-2024"]
[Site "Chess.com"]
[Date "2024.06.25"]
[Round "9"]
[White "Winner_7777"]
[Black "GlavkonVVS"]
[Result "0-1"]
[WhiteElo "2524"]
[BlackElo "2645"]
[TimeControl "180+1"]
[EndTime "15:43:51 PDT"]
[Termination "GlavkonVVS won on time"]

1. d4 Nf6 2. c4 c5 3. d5 e6 4. Nc3 exd5 5. cxd5 d6 6. e4 g6 7. f4 Bg7 8. Bb5+ Nfd7 9. a4 O-O 10. Nf3 Na6 11. O-O Nb4 12. Be2 Re8 13. Nd2 Nf6 14. Bf3 Nd3 15. Nc4 Nxc1 16. Rxc1 a6 17. a5 h5 18. h3 Rb8 19. e5 dxe5 20. fxe5 Nh7 21.
Bxh5 gxh5 22. Qxh5 Rf8 23. Rcd1 Qg5 24. Qe2 Bxh3 25. Ne4 Qg6 26. Rd3 Bf5 27. Rg3 Bxe4 28. Rxg6 Bxg6 29. e6 Bd4+ 30. Kh1 Kg7 31. e7 Rh8 32. g3 Ng5+ 33. Kg2 Be4+ 34. Qxe4 Nxe4 35. Rf4 Nf6 36. d6 Nd7 37. Nb6 Nxb6 38. axb6 Bf6 39.
Rg4+ Kh6 40. Rf4 Kg6 41. Rg4+ Kf5 42. Rf4+ Ke6 0-1

[Event "Late-Titled-Tuesday-Blitz-June-25-2024"]
[Site "Chess.com"]
[Date "2024.06.25"]
[Round "9"]
[White "yaguigor"]
[Black "rionelG"]
[Result "1-0"]
[WhiteElo "2558"]
[BlackElo "2395"]
[TimeControl "180+1"]
[EndTime "15:43:51 PDT"]
[Termination "yaguigor won on time"]

1. Nf3 Nf6 2. c4 g6 3. Nc3 Bg7 4. e4 O-O 5. d4 d6 6. Be2 Na6 7. Be3 e5 8. d5 Nc5 9. Nd2 a5 10.
g4 Ne8 11. h4 f5 12. gxf5 gxf5 13. exf5 Bxf5 14. Bxc5 dxc5 15. Bg4 Nd6 16. Qe2 Qc8 17. Rg1 e4 18. O-O-O Kh8 19. Ndxe4 Qd7 20. Nxc5 Qf7 21.
Ne6 Bh6+ 22. f4 Bxe6 23. Bxe6 Qxf4+ 24. Kb1 Nxc4 25. Rg4 Na3+ 26. bxa3 Qd6 27. Nb5 1-0